AoeStats
← Go Georgie Go

Arabia

504684143Analyzed
1v1 RM · 25d ago on Sep 6, 2026· 88m 22s· 2 players
Game mode
Random Map
Map size
Tiny (2 player)
Population
200
Speed
Normal
Resources
Standard
Victory
Conquest
Starting age
Dark Age
Ending age
Imperial Age
RankedLock teamsTeams togetherTeam positionsShared explorationLock speedFull tech treeHidden civsTurbo modeCheats
Victory
Defeat
🇭🇰 Magyars · Hong Kong SAR China
642
+18
🇺🇸 Franks · United States
687
-18
Go Georgie Go
7:44 Loom
13:43 Feudal Age
15:46 Double-Bit Axe
16:39 Horse Collar
18:05 Wheelbarrow
19:57 Scale Barding Armor
22:45 Gold Mining
27:16 Castle Age
25:51 Bloodlines
27:23 Light Cavalry
28:51 Bow Saw
28:05 Pikeman
29:47 Chain Barding Armor
30:07 Heavy Plow
30:38 Scale Mail Armor
31:45 Gold Shaft Mining
32:46 Hand Cart
34:52 Chain Mail Armor
36:52 Stone Mining
37:10 Husbandry
40:35 Imperial Age
40:35 Town Watch
40:49 Cavalier
42:10 Plate Barding Armor
42:55 Ballistics
42:17 Treadmill Crane
43:38 Chemistry
42:30 Halberdier
44:36 Paladin
46:28 Hussar
47:23 Fletching
47:33 Padded Archer Armor
52:02 Murder Holes
52:44 Conscription
61:37 Capped Ram
66:08 Elite Magyar Huszar
66:57 Corvinian Army
70:31 Hoardings
PPTIME
8:23 Loom
10:35 Feudal Age
11:26 Double-Bit Axe
22:01 Castle Age
20:25 Gold Mining
20:25 Stone Mining
25:08 Wheelbarrow
24:55 Light Cavalry
25:36 Husbandry
26:35 Hand Cart
27:39 Fervor
28:45 Gold Shaft Mining
28:00 Stone Mining
35:06 Imperial Age
36:18 Cavalier
41:21 Chivalry
41:41 Conscription
40:45 Paladin
40:53 Elite Throwing Axeman
42:21 Block Printing
44:06 Scale Barding Armor
44:12 Forging
44:28 #83
43:39 Elite Skirmisher
45:14 Onager
47:49 Heavy Scorpion
49:05 Ballistics
49:45 Chemistry
48:59 Town Watch
49:41 Chain Barding Armor
49:57 Iron Casting
49:13 Fletching
49:23 Scale Mail Armor
49:24 Padded Archer Armor
54:10 Blast Furnace
53:45 Plate Barding Armor
53:06 Bodkin Arrow
53:26 Chain Mail Armor
60:46 Plate Mail Armor
60:31 Leather Archer Armor
Connection lost

Rejoining the realm…

Still unreachable

The connection could not be restored.

Session expired

The server has moved on; the page needs a fresh start.